 Dungeon Crawl Stone Soup version 0.29-a0-841-g116ddc6ace (webtiles) character file.

Game seed: 15337455913107961382

143 avis the Shooter (level 4, 0/38 HPs)
             Began as a Demigod Hunter on July 15, 2022.
             Slain by Sigmund
             ... wielding a +0 scythe
              (8 damage)
             ... on level 2 of the Dungeon.
             The game lasted 00:10:30 (1716 turns).

avis the Shooter (Demigod Hunter)                   Turns: 1716, Time: 00:10:31

Health: 0/38       AC:  7    Str: 12    XL:     4   Next: 76%
Magic:  6/6        EV: 13    Int: 11    God:
Gold:   134        SH:  5    Dex: 21    Spells: 3/3 levels left

rFire   . . .      SeeInvis .   b - +0 dagger (venom)
rCold   . . .      Faith    .   (no shield)
rNeg    . . .      Spirit   .   c - +0 leather armour
rPois   .          Reflect  +   o - +0 helmet
rElec   +          Harm     .   p - +1 cloak
rCorr   .          Rampage  .   u - +0 pair of gloves
Will    .....                   (no boots)
Stlth   ++........              j - amulet of reflection
HPRegen 0.12/turn               (no ring)
MPRegen 0.10/turn               (no ring)

@: no status effects
A: high MP 1, forlorn, divine attributes, mutation resistance 1, electricity
resistance, sturdy frame 1
a: no special abilities


You were on level 2 of the Dungeon.
You visited 1 branch of the dungeon, and saw 2 of its levels.

You collected 134 gold pieces.

Inventory:

Hand Weapons
 a - a +0 shortbow
 b - a +0 dagger of venom (weapon)
 v - a +0 long sword
 w - a +1 dagger of electrocution
 y - a +0 sling
Missiles
 g - 3 boomerangs
 x - 5 poisoned darts
Armour
 c - a +0 leather armour (worn)
 o - a +0 helmet (worn)
 p - a +1 cloak (worn)
 u - a +0 pair of gloves (worn)
Jewellery
 j - an amulet of reflection (around neck)
Scrolls
 d - 2 scrolls of fear {unknown}
 e - a scroll of immolation
 h - 2 scrolls of teleportation {unknown}
 i - a scroll of amnesia {unknown}
 l - 2 scrolls of identify {unknown}
 n - a scroll of vulnerability {unknown}
 r - 3 scrolls of fog {unknown}
Potions
 f - a potion of might
 q - a potion of flight {unknown}
 s - a potion of lignification {unknown}
 t - a potion of berserk rage {unknown}


   Skills:
 - Level 3.0 Fighting
 - Level 5.0 Ranged Weapons
 * Level 2.4 Dodging
 - Level 0.8 Stealth


You had 3 spell levels left.
You didn't know any spells.
Your spell library was empty.

Dungeon Overview and Level Annotations

Branches:
Dungeon (2/15)

Annotations:
D:2 1 runed translucent door, exclusion: door, Crazy Yiuf, Sigmund


Innate Abilities, Weirdness & Mutations

You have an increased reservoir of magic. (+10% MP)
You shall have no god before yourself.
Your divine heritage dramatically boosts your attributes as you level up.
You are somewhat resistant to further mutation.
You are resistant to electric shocks. (rElec)
Your movements are slightly less encumbered by armour. (ER -2)


Message History

You shoot an arrow.
You are confused.
It was a potion of might.
You feel very mighty all of a sudden.
A magic dart appears from out of thin air!
The magic dart hits you but does no damage.
It was a potion of mutation.
You feel extremely strange.
You feel less encumbered by your armour.
You feel genetically stable.
You feel insulated.
It was a potion of cancellation.
Your magical effects are unravelling.
You feel magically purged.
You feel less confused.
You feel a little less mighty now.
Fire: a) +0 shortbow
Press: ? - help, Q - select action, (/) - cycle Shift-Dir - straight line You shoot an arrow.
Fire: a) +0 shortbow
Press: ? - help, Q - select action, (/) - cycle Shift-Dir - straight line You shoot an arrow.
Your +0 dagger of venom begins to drip with poison!
b - a +0 dagger of venom (weapon)
Something hits you.
You closely miss something.
You hear some strange, mumbled words.
A puff of flame appears from out of thin air!
The puff of flame hits you!
You barely miss something.
You hear some strange, mumbled words.
A puff of flame appears from out of thin air!
The puff of flame hits you.
You hit something. Something hits you.
You closely miss something. Something hits you!
You barely miss something. You miss something. Something hits you.
* * * LOW HITPOINT WARNING * * *
You hit something. Something hits you.
* * * LOW HITPOINT WARNING * * *
You completely miss something. You barely miss something. Something hits you!
You die...

#...# .....
#...###############
#..........<.......
###################
########################
......{@................
########################


There were no monsters in sight!

Vanquished Creatures
  Natasha (thrice) (D:2)
  Robin (D:2)
  An adder (D:1)
  A dart slug (D:1)
  An orc (D:2)
  A ball python (D:1)
  3 bats
  2 endoplasms (D:1)
  9 goblins
  5 hobgoblins
  5 jackals (D:1)
  A quokka (D:1)
  4 frilled lizards
  4 kobolds (D:1)
  A rat (D:1)
42 creatures vanquished.

Notes
Turn   | Place    | Note
-------+----------+-------------------------------------------
     0 | D:1      | avis the Demigod Hunter began the quest for the Orb.
     0 | D:1      | Reached XP level 1. HP: 17/17 MP: 3/3
   128 | D:1      | Reached skill level 4 in Ranged Weapons
   153 | D:1      | Reached XP level 2. HP: 24/24 MP: 4/4
   840 | D:2      | Reached XP level 3. HP: 29/29 MP: 5/5
   871 | D:2      | Noticed Robin
   879 | D:2      | Killed Robin
  1135 | D:2      | Noticed Natasha
  1169 | D:2      | Killed Natasha
  1170 | D:2      | Reached skill level 5 in Ranged Weapons
  1227 | D:2      | Reached XP level 4. HP: 37/37 MP: 6/6
  1227 | D:2      | Noticed Natasha
  1234 | D:2      | Killed Natasha
  1244 | D:2      | Noticed Natasha
  1458 | D:2      | Killed Natasha
  1524 | D:2      | Found a runed translucent door.
  1525 | D:2      | Noticed Crazy Yiuf
  1698 | D:2      | Noticed Sigmund
  1702 | D:2      | Gained mutation: Your movements are slightly less
                  | encumbered by armour. (ER -2) [potion of mutation]
  1702 | D:2      | Gained mutation: You are somewhat resistant to further
                  | mutation. [potion of mutation]
  1702 | D:2      | Gained mutation: You are resistant to electric shocks.
                  | (rElec) [potion of mutation]
  1716 | D:2      | Slain by Sigmund

Illustrated notes

Levels and vault maps discovered:
D:1:      dreamdust_arrival_sigmund_warning, layout_rooms
D:2:      layout_basic, shapermc_ecumenical_altar_venn, uniq_sigmund,
          uniq_crazy_yiuf_cottage, uniq_natasha, uniq_robin

Skill      XL: |  1  2  3  4 |
---------------+-------------+-----
Fighting       | 2 3 |  3.0
Ranged Weapons | 4 5 |  5.0
Dodging        | 2 |  2.4
Stealth        | |  0.8

Action                   |  1- 3 |  4- 6 || total
-------------------------+-------+-------++-------
Melee: Dagger            |    31 |    17 ||    48
 Fire: Shortbow          |    75 |    14 ||    89
  Use: Potion            |       |     3 ||     3
Armor: Leather armour    |    17 |     6 ||    23
Dodge: Dodged            |    39 |     5 ||    44
Block: Other             |    14 |       ||    14
       Reflection        |     1 |       ||     1

Table legend: (Time is in decaauts)
 A = Elapsed time spent in this place.
 B = Non-inter-level travel time spent in this place.
 C = Inter-level travel time spent in this place.
 D = Time resting spent in this place.
 E = Time spent auto-exploring this place.
 F = Levels seen in this place.
 G = Mean time per level.
                   A        B        C        D        E       F      G
               +--------+--------+--------+--------+--------+-----+--------+
         Total |   1743 |   1674 |     69 |    571 |    638 |   2 |  871.5 |
       Dungeon |   1743 |   1674 |     69 |    571 |    638 |   2 |  871.5 |
               +--------+--------+--------+--------+--------+-----+--------+

Top non-repeatable levels by time:
     D:1: 1057 daAuts
     D:2: 686 daAuts
